 Dungeon Crawl Stone Soup version 0.32-a0-128-g77eb882913 (webtiles) character file.

Game seed: 4218815857262716291

347 horus123 the Trooper (level 6, -1/51 HPs)
             Began as a Human Fighter on Feb 7, 2024.
             Slain by Edmund
             ... wielding a +2 flail of protection
              (8 damage)
             ... on level 4 of the Dungeon.
             The game lasted 00:05:43 (3338 turns).

horus123 the Trooper (Human Fighter)                Turns: 3338, Time: 00:05:44

Health: -1/51      AC: 13    Str: 18    XL:     6   Next: 59%
Magic:  6/6        EV:  5    Int:  8    God:
Gold:   186        SH:  6    Dex: 13    Spells: 5/5 levels left

rFire   . . .        a - +0 flail
rCold   . . .        c - +2 buckler
rNeg    . . .        d - +0 plate armour
rPois   .            l - +2 hat
rElec   .            (no cloak)
rCorr   .            (no gloves)
SInv    .            (no boots)
Will    .....        (no amulet) Stlth
                     (no ring)
HPRegen 0.28/turn    (no ring)
MPRegen 0.10/turn

%: no passive effects
@: mighty
A: explore regen
a: no special abilities


You were on level 4 of the Dungeon.
You visited 1 branch of the dungeon, and saw 4 of its levels.

You collected 186 gold pieces.

Inventory:

Hand Weapons
 a - a +0 flail (weapon)
Missiles
 i - 2 javelins (quivered)
Armour
 c - a +2 buckler (worn)
 d - a +0 plate armour (worn)
 l - a +2 hat (worn)
Jewellery
 e - a ring of fire
 t - a ring of wizardry
Scrolls
 b - a scroll of vulnerability
 f - 2 scrolls of enchant weapon {unknown}
 g - 3 scrolls of identify {unknown}
 m - a scroll of poison {unknown}
 o - a scroll of teleportation
 r - 3 scrolls of fog {unknown}
 s - a scroll of immolation {unknown}
Potions
 h - 2 potions of heal wounds {unknown}
 j - a potion of curing {unknown}
 k - a potion of attraction {unknown}
 n - a potion of lignification {unknown}
 u - a potion of enlightenment {unknown}
 v - a potion of resistance {unknown}


   Skills:
 - Level 5.2 Fighting
 + Level 5.2 Maces & Flails
 - Level 3.0 Armour
 - Level 3.0 Shields


You had 5 spell levels left.
You didn't know any spells.
Your spell library contained the following spells:

 Spells                   Type           Power      Damage    Failure   Level
 Summon Ice Beast         Ice/Summ       0%         N/A       100%        3
 Summon Mana Viper        Hex/Summ       0%         N/A       100%        5
 Monstrous Menagerie      Summ           0%         N/A       100%        7


Dungeon Overview and Level Annotations

Branches:
Dungeon (4/15)
 Temple: D:4-7

Altars:
Dithmenos
Sif Muna
Vehumet

Annotations:
D:4 Edmund, Grinder


Innate Abilities, Weirdness & Mutations

You regain HP and MP as you explore.


Message History

You hit Edmund.
Edmund is moderately wounded.
The orc priest begins to cast a cantrip, but forgets the words!
Edmund hits you but does no damage.
You barely miss Edmund.
Edmund is moderately wounded.
The shadow imp shouts, "Slither hence, thou peaked limp-willed efter!"
The orc priest hits you but does no damage.
Edmund completely misses you.
You hit Edmund.
Edmund is moderately wounded.
The orc priest completely misses you. Edmund hits you but does no damage.
You closely miss Edmund.
Edmund is moderately wounded.
The orc priest hits you from afar with a +0 trident.
* * * LOW HITPOINT WARNING * * *
Edmund hits you but does no damage.
You bludgeon Edmund!!
Edmund is almost dead.
The orc priest looks braver for a moment.
An orc comes into view. It is wielding a +0 war axe.
Edmund hits you with a +2 flail of protection.
* * * LOW HITPOINT WARNING * * *
You block Edmund's attack. The orc priest barely misses you.
An orc comes into view. It is wielding a +0 dagger.
An orc comes into view. It is wielding a +0 club.
You closely miss Edmund.
Edmund is almost dead.
The orc shouts!
The orc priest hits you but does no damage.
Edmund hits you with a +2 flail of protection.
* * * LOW HITPOINT WARNING * * *
Unknown command.
You closely miss Edmund.
Edmund is almost dead.
You block the orc priest's attack.
Edmund gestures with his flail.
Edmund hits you with a +2 flail of protection!
You die...
Edmund says, "That'll show my brother!" ....... ....... .≈[.....oo... .......o.... %........o5 #.... .Ko

#...###+##@##+###
#...#.....#@....#
#...#.....#.....#
#...'##'##'##+##+
##†##..#.....#
#.##..#'###+#
#.##..#.....#
#..'..+.._..+
#.##..#.....#
#.##^.#+###+#


You could see Edmund, an orc priest, a shadow imp, 4 orcs and a kobold.

Vanquished Creatures
  2 orc priests (D:3)
  Terence (D:2)
  An iguana (D:3)
  Natasha (thrice) (D:3)
  8 adders
  A dart slug (D:3)
  3 ribbon worms
  7 orcs (D:3)
  6 bats
  5 endoplasms
  4 giant cockroaches
  7 goblins
  6 hobgoblins
  8 kobolds
  4 quokkas
  4 ball pythons
  3 frilled lizards
  6 rats
79 creatures vanquished.

Notes
Turn   | Place    | Note
-------+----------+-------------------------------------------
     0 | D:1      | horus123 the Human Fighter began the quest for the Orb.
     0 | D:1      | Reached XP level 1. HP: 18/18 MP: 1/1
   195 | D:1      | Reached XP level 2. HP: 24/24 MP: 2/2
   913 | D:1      | Reached XP level 3. HP: 28/30 MP: 3/3
  1436 | D:2      | Found a radiant altar of Vehumet.
  1451 | D:2      | Reached XP level 4. HP: 38/38 MP: 4/4
  1739 | D:2      | Noticed Terence
  1756 | D:2      | Killed Terence
  1757 | D:2      | Reached skill level 5 in Fighting
  2052 | D:3      | Noticed Natasha
  2077 | D:3      | Killed Natasha
  2078 | D:3      | Reached XP level 5. HP: 26/44 MP: 5/5
  2295 | D:3      | Noticed Natasha
  2302 | D:3      | Killed Natasha
  2503 | D:3      | Noticed Natasha
  2513 | D:3      | Killed Natasha
  2514 | D:3      | Reached XP level 6. HP: 48/51 MP: 6/6
  2545 | D:3      | Found a shadowy altar of Dithmenos.
  2992 | D:3      | Reached skill level 5 in Maces & Flails
  2996 | D:4      | Noticed Grinder
  3302 | D:4      | Found a shimmering blue altar of Sif Muna.
  3309 | D:4      | Noticed Edmund
  3338 | D:4      | Slain by Edmund

Illustrated notes

Levels and vault maps discovered:
D:1:      reono_arrival_mine, layout_loops_ring
D:2:      layout_rooms, basic_altar, minmay_pentomino_t4, uniq_terence
D:3:      layout_loops_cross, nicolae_dithmenos_the_darkroom, uniq_natasha
D:4:      layout_rooms, nicolae_hepliaklqana_hazy_memory,
          gammafunk_temple_overflow_forgotten, mainiacjoe_overflow_24_doors,
          serial_shops, nicolae_diamond_shop, nicolae_shop_hallway_stairs,
          uniq_grinder, uniq_edmund

Skill      XL: |  1  2  3  4  5  6 |
---------------+-------------------+-----
Fighting       | 4 5 |  5.2
Maces & Flails | 4 5 |  5.2
Armour         | |  3.0
Shields        | |  3.0

Action                     |  1- 3 |  4- 6 || total
---------------------------+-------+-------++-------
  Melee: Flail             |   108 |   220 ||   328
  Throw: Javelin           |       |     2 ||     2
    Use: Scroll            |     3 |     2 ||     5
         Potion            |     1 |     1 ||     2
 Armour: Scale mail        |   164 |       ||   164
         Plate armour      |    14 |   245 ||   259
  Dodge: Dodged            |    92 |    46 ||   138
  Block: Buckler           |    67 |    72 ||   139

Table legend: (Time is in decaauts)
 A = Elapsed time spent in this place.
 B = Non-inter-level travel time spent in this place.
 C = Inter-level travel time spent in this place.
 D = Time resting spent in this place.
 E = Time spent auto-exploring this place.
 F = Levels seen in this place.
 G = Mean time per level.
                   A        B        C        D        E       F      G
               +--------+--------+--------+--------+--------+-----+--------+
         Total |   3439 |   3356 |     83 |    975 |   1416 |   4 |  859.8 |
       Dungeon |   3439 |   3356 |     83 |    975 |   1416 |   4 |  859.8 |
               +--------+--------+--------+--------+--------+-----+--------+

Top non-repeatable levels by time:
     D:3: 1261 daAuts
     D:1: 1131 daAuts
     D:2: 944 daAuts
     D:4: 102 daAuts
